 Dungeon Crawl Stone Soup version 0.26.0-18-gc5c842f807 (webtiles) character file.

Game seed: 2313708017933565388

43 zcampers the Grave Robber (level 3, -2/26 HPs)
             Began as a Hill Orc Necromancer on Jan 23, 2021.
             Slain by an adder (3 damage)
             ... on level 2 of the Dungeon.
             The game lasted 00:03:26 (1075 turns).

zcampers the Grave Robber (Hill Orc Necromancer)    Turns: 1075, Time: 00:03:26

Health: -2/26      AC:  2    Str: 10    XL:     3   Next: 58%
Magic:  1/6        EV: 12    Int: 16    God:
Gold:   28         SH:  0    Dex: 11    Spells: 4/6 levels left

rFire    . . .     SeeInvis .   (no weapon)
rCold    . . .     Faith    .   (no shield)
rNeg     . . .     Spirit   .   a - +0 robe
rPois    .         Reflect  .   (no helmet)
rElec    .         Harm     .   (no cloak)
rCorr    .         Rampage  .   (no gloves)
Will     .....                  (no boots)
Stlth    ++........             (no amulet)
HPRegen  0.08/turn              (no ring)
MPRegen  0.10/turn              (no ring)

@: no status effects
A: no striking features
a: no special abilities


You were on level 2 of the Dungeon.
You visited 1 branch of the dungeon, and saw 2 of its levels.

You collected 28 gold pieces.

Inventory:

Hand Weapons
 i - a +0 mace
Armour
 a - a +0 robe (worn)
Jewellery
 f - a +4 ring of evasion {unknown}
 k - an uncursed amulet of reflection {unknown}
Scrolls
 b - a scroll of immolation {unknown}
 g - a scroll of identify {unknown}
Potions
 c - a potion of lignification {unknown}
 d - 2 potions of curing {unknown}
 e - 3 potions of brilliance {unknown}
 h - a potion of flight {unknown}
 j - a potion of heal wounds {unknown}


   Skills:
 + Level 2.0 Dodging
 + Level 2.1 Stealth
 + Level 2.0 Spellcasting
 + Level 4.3 Necromancy


You had 4 spell levels left.
You knew the following spells:

 Your Spells              Type           Power        Failure   Level
a - Pain                  Necr           60%          3%          1
b - Animate Skeleton      Necr           30%          3%          1

Your spell library contained the following spells:

 Spells                   Type           Power        Failure   Level
 Vampiric Draining        Necr           7%           11%         3
 Animate Dead             Necr           7%           34%         4
 Agony                    Necr           15%          69%         5


Dungeon Overview and Level Annotations

Branches:
Dungeon (2/15)

Altars:


Message History

Before your eyes, flesh is ripped from the corpse!
The dead are slithering!
The kobold hits you with a +0 dagger. The giant cockroach misses you.
You closely miss the kobold. The kobold hits you but does no damage.
The giant cockroach bites you. The adder bites you.
* * * LOW HITPOINT WARNING * * *
You barely miss the kobold. The kobold hits you but does no damage.
The giant cockroach barely misses you. The adder closely misses you.
You hit the kobold.
The kobold is moderately wounded.
The kobold closely misses you. The giant cockroach misses you.
The adder bites you.
* * * LOW HITPOINT WARNING * * *
The giant cockroach bites your adder skeleton.
The kobold barely misses your adder skeleton.
Your adder skeleton closely misses the giant cockroach.
Your magical contamination has completely faded away.
Your adder skeleton completely misses the giant cockroach.
The adder bites you.
You die...

### #.##+#########
###.......$....###
#.'................
#.#..........####.#
# #...Z....#.# #
#.@SB......#..
#.#...K......#..
#.#.............
#............#..
###..........#...
#..........# ..
#..........### #
#...†.........
####†####.####


You could see an adder, a giant cockroach, a kobold and a friendly adder
skeleton.

Vanquished Creatures
  2 adders (D:2)
  A dart slug (D:1)
  2 leopard geckos
  7 bats
  2 giant cockroaches
  2 goblins (D:1)
  A hobgoblin (D:1)
  A kobold (D:1)
  3 rats
21 creatures vanquished.

Notes
Turn   | Place    | Note
-------+----------+-------------------------------------------
     0 | D:1      | zcampers the Hill Orc Necromancer began the quest for the
                  | Orb.
     0 | D:1      | Reached XP level 1. HP: 14/14 MP: 3/3
    12 | D:1      | Learned a level 1 spell: Animate Skeleton
   143 | D:1      | Reached XP level 2. HP: 6/20 MP: 0/4
  1009 | D:2      | Reached XP level 3. HP: 20/26 MP: 0/5
  1073 | D:2      | HP: 1/26 [adder (3)]
  1075 | D:2      | Slain by an adder

Illustrated notes

Levels and vault maps discovered:
D:1:      evilmike_arrival_plus, layout_rooms, minmay_misc_feat_columns
D:2:      minmay_recursive_quarters, layout_basic, old_standard_altar,
          uniq_robin

Skill      XL: |  1  2  3 |
---------------+----------+-----
Stealth        | 2 |  2.1
Dodging        | 2 |  2.0
Spellcasting   | 2 |  2.0
Necromancy     | |  4.3

Action                   || total
-------------------------++-------
Melee: Unarmed           ||    29
 Cast: Pain              ||    29
       Animate Skeleton  ||     2
Armor: Robe              ||     9
Dodge: Dodged            ||    34
